 Dungeon Crawl Stone Soup version 0.29-a0-901-g46a8461d6a (webtiles) character file.

Game seed: 618158546912461618

56232 Armakuni the Basher (level 15, 0/113 HPs)
             Began as a Human Fighter on July 22, 2022.
             Was a Believer of Elyvilon.
             Slain by a raiju (1 damage)
             ... on level 2 of the Abyss on July 23, 2022.
             The game lasted 00:56:53 (28843 turns).

Armakuni the Basher (Human Fighter)                Turns: 28843, Time: 00:56:53

Health: 0/113      AC: 16    Str: 18    XL:     15   Next: 21%
Magic:  22/22      EV: 16    Int: 15    God:    Elyvilon [**....]
Gold:   1092       SH:  5    Dex: 10    Spells: 3/16 levels left

rFire   + . .      SeeInvis .   a - staff of earth
rCold   + . .      Faith    .   c - +1 buckler
rNeg    . . .      Spirit   .   d - +0 scale mail
rPois   +          Reflect  .   R - +2 helmet of the Equinox {rPois rC+ rCorr}
rElec   .          Harm     .   y - +0 cloak
rCorr   +          Rampage  .   i - +0 pair of gloves
Will    +....                   f - +0 pair of boots
Stlth   ..........              M - amulet of magic regeneration
HPRegen 0.28/turn               E - +4 ring of evasion
MPRegen 0.58/turn               F - ring of protection from fire

@: no status effects
A: clumsy 1
a: Renounce Religion, Purification, Heal Other


You were on level 2 of the Abyss.
You worshipped Elyvilon.
Elyvilon was pleased with you.
You visited 3 branches of the dungeon, and saw 19 of its levels.
You visited the Abyss 1 time.

You collected 1092 gold pieces.

Inventory:

Hand Weapons
 b - a +1 flail
 S - a +2 whip of electrocution
Missiles
 l - a boomerang of dispersal
 V - 2 throwing nets (quivered)
Armour
 c - a +1 buckler (worn)
 d - a +0 scale mail (worn)
 f - a +0 pair of boots (worn)
 i - a +0 pair of gloves (worn)
 n - an orb of light
 y - a +0 cloak (worn)
 P - the +1 helmet of Spite {*Corrode rN++ Str+6}
   (You found it on level 14 of the Dungeon)

   Str:       It affects your strength (+6).
   rN:        It greatly protects you from negative energy.
   *Corrode:  It may corrode you when you take damage.
 R - the +2 helmet of the Equinox (worn) {rPois rC+ rCorr}
   (You found it on level 3 of the Lair of Beasts)

   rC:        It protects you from cold.
   rPois:     It protects you from poison.
   rCorr:     It protects you from acid and corrosion.
 X - +0 ice dragon scales
Magical Staves
 a - a staff of earth (weapon)
 g - a staff of air
Jewellery
 E - a +4 ring of evasion (left hand)
 F - a ring of protection from fire (right hand)
 H - an amulet of reflection
 I - an amulet of faith
 K - a ring of resist corrosion
 L - a ring of flight
 M - an amulet of magic regeneration (around neck)
 N - a ring of positive energy
Wands
 k - a wand of digging (11)
 s - a wand of quicksilver (4)
 Y - a wand of flame (6)
Scrolls
 e - 2 scrolls of noise
 m - 13 scrolls of teleportation
 p - a scroll of silence
 q - 2 scrolls of fear
 u - 4 scrolls of enchant weapon
 v - a scroll of brand weapon
 w - 2 scrolls of amnesia
 D - 3 scrolls of immolation
 G - a scroll of poison
 J - 2 scrolls of butterflies
 Q - a scroll of enchant armour
 U - a scroll of magic mapping
 W - a scroll of summoning
 Z - a scroll of identify
Potions
 h - 8 potions of lignification
 j - 4 potions of heal wounds
 o - 5 potions of brilliance
 r - 2 potions of haste
 z - 2 potions of invisibility
 A - 3 potions of flight {unknown}
 B - 2 potions of magic {unknown}
 C - 3 potions of curing
 O - a potion of ambrosia {unknown}
 T - 4 potions of resistance {unknown}
Miscellaneous
 t - a tin of tremorstones (inert)
 x - a piece from Xom's chessboard (15/15)


   Skills:
 - Level 9.0 Fighting
 - Level 12.0(12.6) Maces & Flails
 - Level 6.3(10.0) Staves
 - Level 10.0 Armour
 - Level 8.8 Dodging
 - Level 4.0 Shields
 - Level 1.0 Spellcasting
 + Level 8.6 Earth Magic
 - Level 10.0 Invocations
 - Level 10.0 Evocations


You had 3 spell levels left.
You knew the following spells:

 Your Spells              Type           Power      Damage    Failure   Level
a - Apportation           Tloc           0%         N/A       63%         1
b - Starburst             Conj/Fire      0%         6d3       100%        6
c - Wereblood             Tmut           0%         N/A       77%         2
m - Iskenderun's Mystic   Conj/Tloc      0%         2d3       100%        4

Your spell library contained the following spells:

 Spells                   Type           Power      Damage    Failure   Level
 Sandblast                Erth           78%        2d17      2%          1
 Passwall                 Tmut/Erth      16%        N/A       22%         2
 Stone Arrow              Conj/Erth      40%        3d9       41%         3
 Beastly Appendage        Tmut           0%         N/A       63%         1
 Necrotise                Necr           0%         1d4       63%         1
 Shock                    Conj/Air       0%         1d3       63%         1
 Summon Small Mammal      Summ           0%         N/A       63%         1
 Poisonous Vapours        Pois/Air       0%         N/A       77%         2
 Call Canine Familiar     Summ           0%         N/A       94%         3
 Dazzling Flash           Conj/Hex       0%         N/A       94%         3
 Spider Form              Tmut/Pois      0%         N/A       94%         3
 Summon Guardian Golem    Hex/Summ       0%         N/A       94%         3
 Swiftness                Air            0%         N/A       94%         3
 Airstrike                Air            0%         0-1+      100%        4
 Corpse Rot               Necr/Pois/Air  0%         N/A       100%        4
 Orb of Destruction       Conj           0%         9d5       100%        7
 Spellforged Servitor     Conj/Summ      0%         N/A       100%        7


Dungeon Overview and Level Annotations

Branches:
Dungeon (15/15)            Temple (1/1) D:6            Lair (3/5) D:11
 Shoals (0/4) Lair:3       Spider (0/4) Lair:3          Orc (0/2) D:11
 Vaults (0/5) D:14
 Depths: D:15

Altars:
Ashenzari
Cheibriados
Dithmenos
Elyvilon
Fedhas
Gozag
Hepliaklqana
Kikubaaqudgha
Makhleb
Nemelex Xobeh
Okawaru
Qazlal
Ru
Sif Muna
Trog
Uskayaw
Vehumet
Wu Jian
Xom
Yredelemnul
Zin
The Shining One

Shops:
D:6 (

Portals:
Trove: D:14 (give 13 potions of heal wounds)


Innate Abilities, Weirdness & Mutations

You are clumsy. (Dex -2)


Message History

The large abomination is lightly damaged.
The large abomination completely misses you.
You hit the large abomination.
The large abomination is moderately damaged.
The large abomination hits you!
* * * LOW HITPOINT WARNING * * *
You hit the large abomination but do no damage.
You shatter the large abomination!
The large abomination is heavily damaged.
An ufetubus comes into view.
The ufetubus shouts!
You hit the large abomination but do no damage.
The large abomination is heavily damaged.
You block the large abomination's attack.
You hit the large abomination but do no damage.
The large abomination is heavily damaged.
The raiju misses you.
The starcursed mass shrieks in your mind.
* * * LOW HITPOINT WARNING * * *
You hit the large abomination but do no damage.
The large abomination is heavily damaged.
You block the ufetubus's attack. The ufetubus misses you.
The large abomination barely misses you.
The raiju bites you but does no damage. You block the starcursed mass's attack.
You hit the large abomination but do no damage.
The large abomination is heavily damaged.
The ufetubus misses you. x2; The large abomination hits you!
* * * LOW HITPOINT WARNING * * *
The ufetubus closely misses you. The ufetubus barely misses you.
You hit the large abomination.
The large abomination is heavily damaged.
The starcursed mass shrieks in your mind.
* * * LOW HITPOINT WARNING * * *
The raiju bites you but does no damage. The ufetubus barely misses you.
The ufetubus hits you but does no damage.
The large abomination completely misses you.
You closely miss the large abomination.
The large abomination is heavily damaged.
The ufetubus misses you. The ufetubus barely misses you. The raiju bites you.
You die...

#. . ## . .
.. #. . #.#
# #.#.
#..###.#...
#
#.#.#.#..#
.
#....#....#
# .....###.
# #
##XX.#..# #
#.@.....#
#h.5###.#
#.#.#.. ..
#.#..##...
...#.#.
...# ... .#
# #.# .##
## .# #


You could see a starcursed mass, a large abomination, a raiju and an ufetubus.

Vanquished Creatures
  Gastronok (Lair:3)
  Snorg (Lair:3)
  A rakshasa (D:13)
  3 two-headed ogres
  A boulder beetle (D:14)
  3 centaur warriors
  A hydra (D:11)
  2 death knights (D:14)
  A tengu warrior (D:14)
  A deep elf knight (D:14)
  5 skeletal warriors (D:13)
  Pikel (D:9)
  A necromancer (D:14)
  A phantasmal warrior (D:14)
  2 oklob plants (Lair:3)
  5 ugly things (D:14)
  7 cyclopes
  3 manticores (D:14)
  5 elephants (Lair:3)
  A centaur zombie (D:14)
  A merfolk siren (Lair:3)
  3 black mambas
  4 cane toads
  A torpor snail (Lair:3)
  A centaur skeleton (D:14)
  2 rime drakes
  3 unseen horrors
  5 komodo dragons
  A komodo dragon (shapeshifter) (D:14)
  2 freezing wraiths
  An efreet (D:14)
  5 trolls
  A wind drake (shapeshifter) (D:14)
  A polar bear (Lair:3)
  A hornet (D:7)
  10 blink frogs
  A blink frog (shapeshifter) (D:13)
  A dream sheep (Lair:3)
  5 slime creatures
  A shadow (D:12)
  41 yaks
  A yak (shapeshifter) (D:14)
  4 wyverns
  4 basilisks
  2 steam dragons (D:9)
  6 wraiths
  3 vampire mosquitoes (D:14)
  19 water moccasins
  An orc warrior (D:8)
  3 black bears
  A sky beast (D:6)
  7 wolves
  7 ogres
  15 centaurs
  A tengu (shapeshifter) (D:14)
  A phantom (D:6)
  2 lemures (D:9)
  3 kobold brigands
  2 necrophages
  4 scorpions
  10 bullfrogs
  5 gnoll sergeants
  4 wights (D:7)
  6 killer bees
  4 howler monkeys
  4 hounds
  5 orc priests
  9 jellies
  4 gnoll boudas (D:8)
  3 iguanas
  8 orc wizards
  A boggart skeleton (D:14)
  Terence (D:2)
  25 gnolls
  9 adders
  3 ufetubi
  A worm (D:3)
  A dart slug (D:1)
  36 orcs
  7 ball pythons
  7 bats
  10 endoplasms
  6 giant cockroaches
  8 goblins
  6 hobgoblins
  9 jackals
  8 quokkas
  3 frilled lizards
  22 kobolds
  23 rats
471 creatures vanquished.

Vanquished Creatures (collateral kills)
  A boulder beetle (D:11)
1 creature vanquished.

Vanquished Creatures (others)
  A hydra (Lair:2)
  A wyvern (Lair:2)
  A basilisk (Lair:3)
  A steam dragon (Lair:2)
  A kobold (D:9)
  34 fungi
  24 plants
  6 toadstools (D:8)
69 creatures vanquished.

Grand Total: 541 creatures vanquished

Notes
Turn   | Place    | Note
-------+----------+-------------------------------------------
     0 | D:1      | Armakuni the Human Fighter began the quest for the Orb.
     0 | D:1      | Reached XP level 1. HP: 18/18 MP: 1/1
   268 | D:1      | Reached XP level 2. HP: 24/24 MP: 2/2
   609 | D:1      | Reached XP level 3. HP: 27/29 MP: 3/3
  1238 | D:2      | Reached skill level 3 in Maces & Flails
  1311 | D:2      | Reached XP level 4. HP: 35/35 MP: 4/4
  1499 | D:2      | Found a faded altar of an unknown god.
  1639 | D:2      | Noticed Terence
  1647 | D:2      | Killed Terence
  1707 | D:2      | Reached XP level 5. HP: 41/41 MP: 5/5
  2055 | D:3      | Reached skill level 1 in Dodging
  2177 | D:3      | Found an opulent altar of Gozag.
  3544 | D:4      | Reached XP level 6. HP: 30/47 MP: 6/6
  4009 | D:4      | Found a bloodstained altar of Trog.
  4663 | D:5      | Entered Level 5 of the Dungeon
  4833 | D:5      | Reached XP level 7. HP: 35/52 MP: 7/7
  5252 | D:5      | Reached skill level 4 in Maces & Flails
  5252 | D:5      | Reached skill level 5 in Armour
  5768 | D:5      | Reached XP level 8. HP: 56/58 MP: 8/8
  5815 | D:5      | Reached skill level 5 in Maces & Flails
  6078 | D:5      | Found a sparkling altar of Nemelex Xobeh.
  6299 | D:6      | Found a glowing golden altar of the Shining One.
  6587 | D:6      | Reached skill level 6 in Maces & Flails
  6721 | D:6      | Found a staircase to the Ecumenical Temple.
  6747 | Temple   | Entered the Ecumenical Temple
  6838 | Temple   | Became a worshipper of Elyvilon the Healer
  6967 | D:6      | Reached XP level 9. HP: 61/63 MP: 9/9
  7022 | D:6      | Found Xeediom's Weapon Shop.
  7186 | D:6      | Reached skill level 7 in Maces & Flails
  7614 | D:7      | Reached * piety under Elyvilon
  8191 | D:7      | Noticed a hornet
  8197 | D:7      | Killed a hornet
  8198 | D:7      | Reached skill level 8 in Maces & Flails
  8275 | D:7      | Identified the +2 whip of the Invisible Wishes {vorpal, rN+
                  | Dex+3}
  8798 | D:7      | Found an ancient bone altar of Kikubaaqudgha.
  8798 | D:7      | Found a stormy altar of Qazlal.
  9173 | D:7      | Reached skill level 1 in Invocations
  9173 | D:7      | Reached XP level 10. HP: 56/70 MP: 10/10
  9186 | D:7      | Reached skill level 1 in Evocations
  9322 | D:8      | Found a broken altar of Ashenzari.
  9345 | D:8      | Reached ** piety under Elyvilon
  9484 | D:8      | Identified the +9 glaive "Ogreslayer" {antimagic, rElec
                  | Str+3}
  9548 | D:8      | Killed an unseen horror
 10226 | D:8      | Reached skill level 5 in Evocations
 11454 | D:8      | Reached skill level 5 in Dodging
 11572 | D:8      | Reached skill level 5 in Invocations
 12513 | D:9      | Reached *** piety under Elyvilon
 12630 | D:9      | Found a shimmering blue altar of Sif Muna.
 12641 | D:9      | Noticed Pikel
 12668 | D:9      | Killed Pikel
 12669 | D:9      | Reached XP level 11. HP: 8/78 MP: 14/14
 13118 | D:9      | Reached skill level 5 in Fighting
 13411 | D:10     | Entered Level 10 of the Dungeon
 13427 | D:10     | Reached skill level 10 in Armour
 13574 | D:10     | Reached skill level 9 in Maces & Flails
 13713 | D:10     | Noticed a cyclops
 13749 | D:10     | Killed a cyclops
 14016 | D:10     | Reached skill level 10 in Maces & Flails
 14150 | D:10     | Found a hide-covered altar of Uskayaw.
 14256 | D:10     | Identified the +11 short sword "Ibiohora" {drain, Will+}
 14416 | D:10     | Found the +3 woodcutter's axe {vorpal}
 14620 | D:11     | Noticed a boulder beetle
 14628 | D:11     | Killed a boulder beetle
 14655 | D:11     | Noticed a four-headed hydra
 14660 | D:11     | Killed a four-headed hydra
 14661 | D:11     | Reached skill level 11 in Maces & Flails
 14812 | D:11     | Reached **** piety under Elyvilon
 14888 | D:11     | Found a staircase to the Orcish Mines.
 15172 | D:11     | Found a staircase to the Lair.
 15190 | D:11     | Reached XP level 12. HP: 88/88 MP: 15/15
 15507 | Lair:1   | Entered Level 1 of the Lair of Beasts
 15508 | Lair:1   | Upgraded the game from 0.29-a0-892-g2c4c91d9db to
                  | 0.29-a0-901-g46a8461d6a
 15859 | Lair:1   | Reached skill level 12 in Maces & Flails
 17153 | Lair:2   | Reached skill level 10 in Invocations
 17696 | Lair:2   | Reached XP level 13. HP: 82/95 MP: 20/20
 17782 | Lair:2   | Noticed a five-headed hydra
 17786 | Lair:2   | Pacified a five-headed hydra
 17788 | Lair:2   | Killed a five-headed hydra
 18717 | Lair:3   | Noticed Gastronok
 18740 | Lair:3   | Noticed Snorg
 18749 | Lair:3   | Killed Snorg
 18768 | Lair:3   | Identified the +2 helmet of the Equinox {rPois rC+ rCorr}
 18949 | Lair:3   | Learned a level 4 spell: Iskenderun's Mystic Blast
 18956 | Lair:3   | Learned a level 6 spell: Starburst
 18958 | Lair:3   | Learned a level 1 spell: Apportation
 19584 | Lair:3   | Reached skill level 1 in Spellcasting
 19641 | Lair:3   | Reached skill level 1 in Staves
 20034 | Lair:3   | Found a hole to the Spider Nest.
 20862 | Lair:3   | Found a staircase to the Shoals.
 20965 | Lair:3   | Found a blossoming altar of Fedhas.
 21493 | Lair:3   | Gained mutation: You are clumsy. (Dex -2) [potion of
                  | mutation]
 21516 | Lair:3   | Killed Gastronok
 22382 | D:11     | Reached XP level 14. HP: 91/108 MP: 21/21
 22970 | D:12     | Reached skill level 5 in Staves
 23820 | D:13     | Found a blossoming altar of Fedhas.
 25720 | D:14     | Found a portal to a secret trove of treasure.
 25768 | D:14     | Reached skill level 10 in Evocations
 25773 | D:14     | Reached skill level 1 in Earth Magic
 26606 | D:14     | Found a gate to the Vaults.
 26684 | D:14     | Reached skill level 5 in Earth Magic
 27508 | D:14     | Reached XP level 15. HP: 47/113 MP: 22/22
 27721 | D:14     | Learned a level 2 spell: Wereblood
 28387 | D:14     | Identified the +1 helmet of Spite {*Corrode rN++ Str+6}
 28749 | D:15     | Entered Level 15 of the Dungeon
 28783 | Abyss:2  | Cast into level 2 of the Abyss (a wizard)
 28842 | Abyss:2  | HP: 1/113 [starcursed mass/accursed screaming (6)]
 28843 | Abyss:2  | Slain by a raiju

Illustrated notes

Levels and vault maps discovered:
D:1:      mrwooster_arrival_statue_3, layout_basic
D:2:      layout_basic, nicolae_ecumenical_oubliette, uniq_terence
D:3:      layout_basic, mainiacjoe_overflow_alcove_4, minmay_rat_hole
D:4:      layout_basic, lemuel_tele_altar,
          nicolae_concentric_dashed_squares_mild
D:5:      kennysheep_six_static_rooms, layout_basic, nemelex_dance_club_becter
D:6:      layout_cave_pools, old_standard_altar, minmay_temple_entry_waves,
          serial_shops, shop
D:7:      layout_loops_corners, gammafunk_temple_overflow_pools
D:8:      cheibrodos_fertilizer, layout_cave_pools,
          mainiacjoe_overflow_boulevard, serial_gnoll_camp,
          gnoll_camp_huts_basic, gnoll_camp_mini_house, gnoll_camp_mini_hut,
          gnoll_camp_mini_loothouse, gnoll_camp_mini_sergeant
D:9:      layout_grid_maze, mainiacjoe_overflow_24_doors, uniq_pikel
D:10:     layout_basic, mainiacjoe_overflow_surrounded_room,
          minmay_sticks_and_stones
D:11:     layout_irregular_city, due_lair_maze_entry_diamond,
          minmay_crystal_water
D:12:     layout_gridville
D:13:     layout_roguey, fedhas_altar_3
D:14:     layout_long_grid, david_vaults_4, hex_tiny,
          nicolae_trove_entry_crystal, minmay_the_grid_2x2
          [minmay_the_grid_small_cups, minmay_the_grid_gridbox,
          minmay_the_grid_outer_circle, minmay_the_grid_prize_big_room]
D:15:     gammafunk_enter_depths_forms, layout_loops_ring, chequers_garden,
          serial_shops, nicolae_shop_trees, minmay_door_square, minivault_25_ag
Temple:   nicolae_temple_god_jail
Lair:1:   layout_cave_pods, st_stairs_3, minivault_23, serial_bayou_shore_a,
          grunt_megastairs_3
Lair:2:   layout_concentric_octagons
Lair:3:   nzn_winding_woodlands_small
          [nzn_winding_woodlands_5x15_river_crossing,
          nzn_winding_woodlands_center_lodge,
          nzn_winding_woodlands_5x15_sidewinder], layout_layer_cave,
          minmay_shoals_entry_lonely_mermaid, dummy_spider_entry, st_stairs_13,
          hangedman_tree_tricks, uniq_snorg, uniq_gastronok
Abyss:2:  base: D:7, hangedman_abyss_theft, guppyfry_abyss_exit_spiral_guarded

Skill      XL: |  1  2  3  4  5  6  7  8  9 10 11 12 13 14 15 |
---------------+----------------------------------------------+-----
Maces & Flails | 3 4 6 8 11 12 | 12.0
Armour         | 4 5 7 9 10 | 10.0
Dodging        | 2 4 5 6 8 |  8.8
Shields        | 4 |  4.0
Invocations    | 1 5 10 | 10.0
Evocations     | 5 6 10 | 10.0
Fighting       | 4 6 9 |  9.0
Spellcasting   | 1 |  1.0
Staves         | 4 6 |  6.3
Earth Magic    | 6 8 |  8.6

Action                   |  1- 3 |  4- 6 |  7- 9 | 10-12 | 13-15 || total
-------------------------+-------+-------+-------+-------+-------++-------
Melee: Flail             |   118 |   295 |    27 |    12 |       ||   452
       Mace              |       |       |   201 |   500 |   257 ||   958
       Whip              |       |       |       |   453 |   773 ||  1226
       Staff             |       |       |       |       |    31 ||    31
Throw: Dart              |       |     1 |    16 |    15 |    10 ||    42
       Boomerang         |       |       |       |       |     2 ||     2
       Throwing net      |       |       |       |       |     1 ||     1
Invok: Heal Self         |       |       |       |    10 |    15 ||    25
       Heal Other        |       |       |       |     2 |    17 ||    19
       Purification      |       |       |       |     1 |       ||     1
Evoke: Wand              |       |       |     4 |    22 |    45 ||    71
       Tin of tremorston |       |       |       |     2 |     3 ||     5
       Piece from Xom's  |       |       |       |       |     9 ||     9
  Use: Scroll            |     3 |     3 |     2 |     8 |    11 ||    27
       Potion            |     1 |     1 |       |     1 |     9 ||    12
 Stab: Paralysed         |       |       |       |       |     9 ||     9
       Invisible         |       |       |       |       |     5 ||     5
       Confused          |       |       |       |       |     1 ||     1
       Held in net/web   |       |       |       |       |     1 ||     1
Armor: Scale mail        |    72 |     8 |       |       |   201 ||   281
       Chain mail        |       |   212 |   120 |   431 |   177 ||   940
Dodge: Dodged            |    71 |   121 |    86 |   277 |   515 ||  1070
Block: Buckler           |    34 |   102 |    75 |   237 |   220 ||   668

Table legend: (Time is in decaauts)
 A = Elapsed time spent in this place.
 B = Non-inter-level travel time spent in this place.
 C = Inter-level travel time spent in this place.
 D = Time resting spent in this place.
 E = Time spent auto-exploring this place.
 F = Levels seen in this place.
 G = Mean time per level.
                   A        B        C        D        E       F      G
               +--------+--------+--------+--------+--------+-----+--------+
         Total |  28430 |  27660 |    770 |   5539 |  16875 |  20 | 1421.5 |
       Dungeon |  22156 |  21538 |    618 |   4606 |  12942 |  15 | 1477.1 |
        Temple |    130 |    118 |     12 |      0 |    100 |   1 |  130.0 |
          Lair |   6087 |   5947 |    140 |    933 |   3833 |   3 | 2029.0 |
         Abyss |     55 |     55 |      0 |      0 |      0 |   1 |   55.0 |
               +--------+--------+--------+--------+--------+-----+--------+

Top non-repeatable levels by time:
    D:13: 2996 daAuts
  Lair:3: 2839 daAuts
     D:8: 2499 daAuts
    D:14: 2364 daAuts
     D:7: 2060 daAuts
  Lair:2: 1734 daAuts
     D:5: 1646 daAuts
     D:9: 1616 daAuts
  Lair:1: 1513 daAuts
     D:3: 1428 daAuts
     D:4: 1332 daAuts
    D:11: 1147 daAuts
    D:10: 1136 daAuts
     D:1: 1077 daAuts
    D:12: 1066 daAuts
